 Seeded DCSS version 0.30.1-9-gdf580d7c3d (webtiles) character file.

Game seed: 3287810464016871351 (custom seed)

478 Psyclone the Stinger (level 6, -3/48 HPs)
             Began as a Deep Elf Venom Mage on Sept 27, 2023.
             Slain by a sleepcap (6 damage)
             ... on level 4 of the Dungeon.
             The game lasted 00:12:47 (4868 turns).

Psyclone the Stinger (Deep Elf Venom Mage)          Turns: 4868, Time: 00:12:48

Health: -3/48      AC: 23    Str:  5    XL:     6   Next: 86%
Magic:  14/14      EV:  2    Int: 22    God:
Gold:   153        SH:  0    Dex: 15    Spells: 5/13 levels left

rFire   . . .        a - +3 dagger (speed)
rCold   . . .        (no shield)
rNeg    . . .        m - melded +0 robe
rPois   +            s - melded +0 helmet
rElec   .            (cloak currently unavailable)
rCorr   .            (gloves currently unavailable)
SInv    .            n - melded +0 pair of boots
Will    .....        i - amulet of regeneration
Stlth   ++           (no ring)
HPRegen 1.08/turn    (no ring)
MPRegen 0.14/turn

%: no passive effects
@: tree-form
A: stationary, stasis, torment immunity, boosted hp
a: no special abilities


You were on level 4 of the Dungeon.
You were a tree.
You visited 1 branch of the dungeon, and saw 4 of its levels.

You collected 153 gold pieces.

Inventory:

Hand Weapons
 a - a +3 dagger of speed (weapon)
Armour
 m - a +0 robe (melded)
 n - a +0 pair of boots (melded)
 s - a +0 helmet (melded)
Magical Staves
 b - a staff of cold
Jewellery
 i - an amulet of regeneration (around neck)
 u - an amulet of faith
Scrolls
 c - a scroll of vulnerability {unknown}
 d - 2 scrolls of enchant armour {unknown}
 e - a scroll of teleportation {unknown}
 g - 6 scrolls of identify {unknown}
 k - a scroll of brand weapon {unknown}
 o - a scroll of noise {unknown}
 p - 2 scrolls of silence {unknown}
 q - a scroll of magic mapping {unknown}
 t - a scroll of fog {unknown}
 v - a scroll of immolation {unknown}
Potions
 f - a potion of berserk rage {unknown}
 h - 3 potions of might {unknown}
 l - a potion of magic
 r - 4 potions of flight {unknown}
 w - 2 potions of degeneration {unknown}


   Skills:
 - Level 2.4 Dodging
 - Level 2.4 Stealth
 + Level 4.1 Spellcasting
 + Level 3.8 Transmutations
 + Level 3.8 Fire Magic
 - Level 6.0 Poison Magic


You had 5 spell levels left.
You knew the following spells:

 Your Spells              Type           Power      Damage    Failure   Level
a - Poisonous Vapours     Pois/Air       34%        N/A       4%          2
q - Blink                 Tloc           8%         N/A       17%         2
s - Ignite Poison         Fire/Tmut/Pois 24%        N/A       4%          3
v - Sting                 Tmut/Pois      100%       1d8       1%          1

Your spell library contained the following spells:

 Spells                   Type           Power      Damage    Failure   Level
 Cigotuvi's Dreadful Rot  Necr/Pois/Air  26%        N/A       8%          2
 Olgreb's Toxic Radiance  Pois           30%        N/A       10%         4
 Mephitic Cloud           Conj/Pois/Air  13%        N/A       14%         3
 Volatile Blastmotes      Fire/Tloc      26%        2d12      16%         3
 Lesser Beckoning         Tloc           8%         N/A       17%         2
 Momentum Strike          Conj/Tloc      8%         3d8       17%         2
 Dazzling Flash           Conj/Hex       8%         N/A       32%         3
 Iskenderun's Mystic Bla  Conj/Tloc      4%         2d3       73%         4
 Freezing Cloud           Conj/Ice/Air   2%         6-21      97%         5
 Starburst                Conj/Fire      6%         6d4       100%        6


Dungeon Overview and Level Annotations

Branches:
Dungeon (4/15) Zot: 19143
 Temple: D:4-7

Altars:

Shops:
D:2 [


Message History

The sleepcap releases spores at you!
You wake up.
You are engulfed in a cloud of soporific spores!
You are unaffected.
You take 12 damage, and have 20/32 hp.
MASSIVE DAMAGE!!
You hit the sleepcap but do no damage.
The sleepcap is lightly damaged.
You hit the sleepcap.
The sleepcap is moderately damaged.
The sleepcap closely misses you.
You hit the sleepcap.
The sleepcap is moderately damaged.
The sleepcap barely misses you.
You hit the sleepcap but do no damage.
The sleepcap is moderately damaged.
You hit the sleepcap.
The sleepcap is heavily damaged.
The sleepcap releases spores at you.
You take 2 damage, and have 21/32 hp.
You hit the sleepcap but do no damage.
The sleepcap is heavily damaged.
The sleepcap releases spores at you.
You take 3 damage, and have 18/32 hp.
You hit the sleepcap but do no damage.
The sleepcap is heavily damaged.
You hit the sleepcap.
The sleepcap is severely damaged.
The sleepcap releases spores at you.
You are engulfed in a cloud of soporific spores!
You fall asleep.
The sleepcap releases spores at you!
You wake up.
* * * LOW HITPOINT WARNING * * *
You are engulfed in a cloud of soporific spores!
You are unaffected.
You take 18 damage, and have 1/32 hp.
MASSIVE DAMAGE!!
It was a potion of lignification.
You turn into a tree.
Your +0 helmet melds into your body.
Your +0 pair of boots melds into your body.
Your +0 robe melds into your body.
Your roots penetrate the ground.
The sleepcap releases spores at you.
You die...

###..## #. #.......# #..
#.....## #..##......#
#.. #.#.#..# #....##+###
#.. #......# #.........#
#.. #.#.#..##.#
#.#####.#.########..
#.........#.
#.#.....#........#..
#...'##w#.#.##
#.#####.########..
#.....# #.s. #f#####.#
#..
..###.##########♣......#
#..
.##(#..................#
#..
.#.##..########........#
#.. ..##.))####
###....#.# ####).
.....##...#
#.##.#.#####.....
#....##.#.#
#.##<#.....#...##
#..#..#.# >.
#.########.#...#
..##..#.#######
#..............#
.###..#.....#.#
###......#.#.#.##


You could see a sleepcap.

Vanquished Creatures
  An ogre (D:4)
  A scorpion (D:4)
  A jelly (D:4)
  An orc priest (D:4)
  A hound (D:4)
  3 orc wizards (D:4)
  Robin (D:3)
  3 gnolls
  4 adders
  A dart slug (D:2)
  7 orcs
  6 bats
  5 endoplasms
  2 giant cockroaches
  12 goblins
  8 hobgoblins
  4 jackals (D:4)
  3 quokkas
  8 ball pythons
  4 frilled lizards
  4 kobolds
  3 rats
83 creatures vanquished.

Notes
Turn   | Place    | Note
-------+----------+-------------------------------------------
     0 | D:1      | Psyclone the Deep Elf Venom Mage began the quest for the
                  | Orb.
     0 | D:1      | Reached XP level 1. HP: 10/10 MP: 6/6
   498 | D:1      | Reached XP level 2. HP: 15/15 MP: 4/8
   773 | D:1      | Reached skill level 4 in Poison Magic
  1199 | D:2      | Found a faded altar of an unknown god.
  1282 | D:2      | Reached XP level 3. HP: 19/19 MP: 5/9
  1318 | D:2      | Learned a level 2 spell: Poisonous Vapours
  1321 | D:2      | Learned a level 2 spell: Blink
  1325 | D:2      | Learned a level 3 spell: Ignite Poison
  1548 | D:2      | Found Exuhan's Antique Armour Emporium.
  2077 | D:3      | Reached skill level 5 in Poison Magic
  2213 | D:3      | Noticed Robin
  2427 | D:3      | Killed Robin
  2428 | D:3      | Reached XP level 4. HP: 18/24 MP: 1/10
  3130 | D:3      | Reached skill level 6 in Poison Magic
  3583 | D:4      | Reached skill level 1 in Fire Magic
  3583 | D:4      | Reached XP level 5. HP: 28/28 MP: 7/11
  3729 | D:4      | Noticed an ogre
  3742 | D:4      | Killed an ogre
  3859 | D:4      | Reached XP level 6. HP: 32/32 MP: 3/12
  4867 | D:4      | HP: 1/32 [sleepcap (14)]
  4868 | D:4      | Slain by a sleepcap

Illustrated notes

Levels and vault maps discovered:
D:1:      minmay_arrival_four_houses, layout_basic
D:2:      layout_rooms, serial_shops, nicolae_shop_overgrown_old_shop,
          basic_ecumenical_altar, grunt_decor_clamped, hangedman_feature_mirror
D:3:      layout_rooms, chequers_serial_rivers_room_a, uniq_robin
D:4:      layout_basic, serial_co_window_serial, co_window_corner_a,
          co_window_corner_a, co_window_corner_a, co_window_corner_a,
          co_window_paths_a, co_window_of_opportunity_b, co_window_broadway_b,
          co_window_broadway_a, co_window_2corner, co_window_broadway_a,
          co_window_paths_d, co_window_4corner_a, glass_columns_a,
          glass_columns_a, glass_columns_b, glass_columns_a, glass_columns_a,
          minmay_bisected

Skill      XL: |  1  2  3  4  5  6 |
---------------+-------------------+-----
Poison Magic   | 4 5 6 |  6.0
Fire Magic     | 1 3 |  3.8
Transmutations | 3 |  3.8
Spellcasting   | 4 |  4.1
Dodging        | |  2.4
Stealth        | |  2.4

Action                     |  1- 3 |  4- 6 || total
---------------------------+-------+-------++-------
  Melee: Unarmed           |     2 |       ||     2
         Staff             |    30 |    15 ||    45
         Dagger            |       |    78 ||    78
         Punch             |       |     1 ||     1
   Cast: Sting             |    47 |       ||    47
         Poisonous Vapours |    36 |    73 ||   109
    Use: Scroll            |       |     1 ||     1
         Potion            |       |     1 ||     1
   Stab: Sleeping          |     2 |     1 ||     3
 Armour: Robe              |    23 |    21 ||    44
  Dodge: Dodged            |    57 |    50 ||   107
